 Dungeon Crawl Stone Soup version 0.21-a0-28-g9a7844a (webtiles) character file.

28 Chiseanne the Vexing (level 3, 0/35 HPs)
             Began as an Ogre Arcane Marksman on May 26, 2017.
             Succumbed to an adder's poison
             ... on level 2 of the Dungeon.
             The game lasted 00:01:55 (1400 turns).

Chiseanne the Vexing (Ogre Arcane Marksman)         Turns: 1400, Time: 00:01:55

Health: 0/35       AC:  3    Str: 14    XL:     3   Next: 12%
Magic:  5/5        EV: 10    Int: 14    God:
Gold:   60         SH:  0    Dex: 10    Spells: 4/5 levels left

rFire    . . .     SeeInvis .   g - +0 club
rCold    . . .     Gourm    .   (no shield)
rNeg     . . .     Faith    .   a - +0 robe
rPois    .         Spirit   .   (helmet restricted)
rElec    .         Reflect  .   (no cloak)
rCorr    .         Harm     .   (gloves unavailable)
MR       .....                  (boots unavailable)
Stlth    +.........             (no amulet)
Regen    0.2/turn               (no ring)
MPRegen  0.1/turn               (no ring)

@: lethally poisoned (0 -> -5)
A: unfitting armour, tough skin 1
a: no special abilities


You were on level 2 of the Dungeon.
You were not hungry.

You visited 1 branch of the dungeon, and saw 2 of its levels.

You collected 60 gold pieces.

Inventory:

Hand Weapons
 g - a +0 club (weapon)
Missiles
 c - 2 large rocks (quivered)
 d - 2 throwing nets
 e - 20 stones
Armour
 a - a +0 robe (worn)
Jewellery
 j - an uncursed ring of ice
Scrolls
 h - a scroll of identify
Potions
 i - a potion of agility
Books
 b - a book of Debilitation

   Spells                             Type                      Level
   a - Corona                         Hexes                        1
   b - Slow                           Hexes                        2
   c - Inner Flame                    Hexes/Fire                   3
   d - Portal Projectile              Hexes/Translocation          3
   e - Cause Fear                     Hexes                        4
   f - Leda's Liquefaction            Hexes/Earth                  4
Comestibles
 f - a bread ration
 l - a royal jelly


   Skills:
 * Level 1.7 Fighting
 * Level 2.4 Throwing
 * Level 2.1 Dodging
 * Level 1.5 Spellcasting
 * Level 3.0 Hexes


You had 4 spell levels left.
You knew the following spells:

 Your Spells              Type           Power        Failure   Level  Hunger
a - Corona                Hex            #......      7%          1    ##.....


Dungeon Overview and Level Annotations

Branches:
Dungeon (2/15)

Altars:


Innate Abilities, Weirdness & Mutations

You are too large for most types of armour.
You have tough skin. (AC +1)


Message History

Aim: an adder (moderately wounded)
You throw a large rock.
The large rock closely misses the adder.
* * * LOW HITPOINT WARNING * * *
You feel sick. The adder closely misses you. The adder bites you.
* * * LOW HITPOINT WARNING * * *
Throwing (i - inventory. (,) - cycle):
c - 3 large rocks (quivered)
Press: ? - help, Shift-Dir - straight line, f/p - adder
Aim: an adder (moderately wounded)
You throw a large rock. The large rock hits the adder!
You kill the adder!
Your Hexes skill increases to level 3!
You have reached level 3!
Your experience leads to an increase in your attributes!
Increase (S)trength, (I)ntelligence, or (D)exterity?
You feel agile.
You feel stronger.
* * * LOW HITPOINT WARNING * * *
You feel sick.
Okay, then.
You die...

#.# . #.# ##...# #.#
## .....< #.# #.
.......#####.# #.
...........).. #.
... ...#...#..
##.###.# #.#.###
#(.@...#######.#...#
#.##.............#.#
# #.#########.#...#
#.#########......
#................
#.###############
###


There were no monsters in sight!

Vanquished Creatures
  An adder (D:2)
  A dart slug (D:1)
  A leopard gecko (D:1)
  3 goblins (D:1)
  2 hobgoblins
  5 kobolds (D:1)
  4 rats (D:1)
17 creatures vanquished.

Notes
Turn   | Place    | Note
-------+----------+-------------------------------------------
     0 | D:1      | Chiseanne the Ogre Arcane Marksman began the quest for the Orb.
     0 | D:1      | Reached XP level 1. HP: 19/19 MP: 2/2
   294 | D:1      | Reached XP level 2. HP: 15/27 MP: 3/3
  1398 | D:2      | HP: 1/27 [adder (4)]
  1399 | D:2      | Reached skill level 3 in Hexes
  1399 | D:2      | Reached XP level 3. HP: 2/35 MP: 5/5
  1400 | D:2      | Succumbed to an adder's poison

Vault maps used:
D:1:      lightli_arrival_statue_moat
D:2:      fedhas_altar_fruit_tree, first_bread, moated_statue

Skill      XL: |  1  2 |
---------------+-------+-----
Dodging        | 2 |  2.1
Hexes          | 3 |  3.0
Fighting       | |  1.7
Throwing       | |  2.4
Spellcasting   | |  1.5

Action                   || total
-------------------------++-------
Melee: Unarmed           ||    51
       Club              ||    30
       Dagger            ||    19
Throw: Large rock        ||     7
  Use: Scroll            ||     3
  Eat: Chunk             ||     2
Armor: Robe              ||    18
Dodge: Dodged            ||    63
